Cogmind - Beta 13 @@@ ROGUE MODE // 2024.04.08 @ 16:41:14 Player: SnowyImp Result: Destroyed by P-60 Hacker with Shock Rifle Performance ------------- Evolutions (2) 1000 Regions Visited (8) 1600 Robots Destroyed (26) 130 Value Destroyed (1637) 1637 Prototype IDs (2) 40 Alien Tech Used (0) 0 Bonus (1041) 1041 TOTAL SCORE: 5448 Bonus ------- High Alert Combat Kills 41 Entered Garrisons 200 Used RIF Installer 500 Aligned with FarCom 300 Cogmind --------- Core Integrity 0/550 Matter 151/300 Energy 88/100 System Corruption 10% Temperature Cool (0) Movement Treading (160) Location -8/Garrison Parts ------- > --- POWER (1) -------- (None) > --- PROPULSION (5) --- Light Treads > --- UTILITY (3) ------ (None) > --- WEAPON (2) ------- (None) > --- INVENTORY (5) ---- Relay Coupler [Grunt] (22) Relay Coupler [Grunt] (26) Relay Coupler [Grunt] (21) Relay Coupler [Grunt] (39) Remote Datajack Peak State ------------ > --- POWER ------------ Micro Nuclear Core > --- PROPULSION ------- Light Treads Flight Unit Flight Unit Flight Unit > --- UTILITY ---------- Weight Redist. System Advanced Visual Processing Unit Improved Reaction Control System > --- WEAPON ----------- High-powered Shock Rifle High-powered Shock Rifle > --- INVENTORY -------- Improved Melee Analysis Suite Improved Reaction Control System Relay Coupler [Grunt] [Rating: 29] Favorites ----------- Power Ion Engine Engine Ion Engine Power Core Light Nuclear Core Propulsion Flight Unit Treads Light Treads Leg Aluminum Leg Flight Unit Flight Unit Utility Advanced Visual Processing Unit Device Weight Redist. System Processor Advanced Visual Processing Unit Weapon Minigun Energy Gun High-powered Shock Rifle Ballistic Gun Minigun Impact Weapon Hammer Build | -11 -10 -10 -9 -9 -9 -8 -8 -8 ------- Run | Yrd Mat Min Mat Min Exi Min Mat Gar Slots Evolved 4 | . . . 2 . . . 2 . Power . | . . . . . . . . . Propulsion 3 | . . . 2 . . . 1 . Utility 1 | . . . . . . . 1 . Weapon . | . . . . . . . . . Parts Attached 51 | 5 . 1 11 . 1 . 2 31 Power 5 | 1 . 1 . . . . . 3 Engine 3 | 1 . 1 . . . . . 1 Core 2 | . . . . . . . . 2 Reactor . | . . . . . . . . . Propulsion 18 | 2 . . 6 . . . 1 9 Treads 3 | . . . . . . . . 3 Leg 2 | 2 . . . . . . . . Wheel . | . . . . . . . . . Hover . | . . . . . . . . . Flight 13 | . . . 6 . . . 1 6 Utility 4 | . . . 1 . 1 . . 2 Device 3 | . . . . . 1 . . 2 Storage . | . . . . . . . . . Processor 1 | . . . 1 . . . . . Hackware . | . . . . . . . . . Protection . | . . . . . . . . . Artifact . | . . . . . . . . . Weapon 24 | 2 . . 4 . . . 1 17 Energy Gun 4 | . . . . . . . . 4 Energy Cannon . | . . . . . . . . . Ballistic Gun 14 | 2 . . 4 . . . 1 7 Ballistic Cannon . | . . . . . . . . . Launcher . | . . . . . . . . . Special Weapon . | . . . . . . . . . Impact Weapon 6 | . . . . . . . . 6 Slashing Weapon . | . . . . . . . . . Piercing Weapon . | . . . . . . . . . Special Melee Weapon . | . . . . . . . . . Unidentified Prototypes 2 | . . . 1 . 1 . . . Parts Lost 18 | . . 1 . . . 1 . 16 Power 2 | . . 1 . . . . . 1 Propulsion 11 | . . . . . . 1 . 10 Utility 2 | . . . . . . . . 2 Weapon 3 | . . . . . . . . 3 Highest Loss Streak 7 | . . 1 . . . 1 . 7 To Critical Strikes . | . . . . . . . . . Average Slot Usage (%) 72 | . 71 71 87 88 88 80 70 69 Engine 7 | . 14 14 11 11 11 11 9 2 Core 2 | . . . . . . . . 4 Leg 7 | . 28 28 . . . . . . Flight 24 | . . . 44 44 44 36 34 30 Device 2 | . . . . . . . . 5 Processor 6 | . . . 10 11 11 11 9 8 Energy Gun 2 | . . . . . . . . 5 Ballistic Gun 17 | . 28 28 22 22 22 22 18 10 Impact Weapon 1 | . . . . . . . . 2 Naked Turns . | . . . . . . . . . Heaviest Build 18 | 7 7 7 11 11 11 11 11 18 Greatest Support 21 | 20 20 20 17 16 16 16 17 21 Greatest Overweight (x) 1 | . . . . . . . . 1 Average Overweight (x) . | . . . . . . . . . Largest Inventory Capacity 5 | 5 5 5 5 5 5 5 5 5 Average Capacity 5 | 5 5 5 5 5 5 5 5 5 Most Carried 5 | 1 2 5 5 5 5 5 5 5 Average Carried 3 | . 1 4 3 5 5 5 4 3 Final Capacity 5 | 5 5 5 5 5 5 5 5 5 Final Carried 5 | 1 2 5 5 5 5 5 5 5 Class Distribution -------------------- 38% | Mutant 22% | Scavenger-Sprinter 16% | Sprinter 15% | Scavenger-Mutant 6% | Bothacker-Mutant Dominant Class ---------------- Mutant | -10/Materials Mutant | -10/Mines Scavenger-Sprinter | -9/Materials Scavenger-Sprinter | -9/Mines Scavenger-Sprinter | -9/Exiles Mutant | -8/Mines Sprinter | -8/Materials Scavenger-Mutant | -8/Garrison Resources | -11 -10 -10 -9 -9 -9 -8 -8 -8 ----------- Run | Yrd Mat Min Mat Min Exi Min Mat Gar Matter Collected 974 | 250 . 49 . 22 . 157 . 496 Remotely . | . . . . . . . . . Salvage Created 877 | . . 223 . . . 169 . 485 Parts 50 | . . 14 . . . 6 . 30 Haulers Intercepted . | . . . . . . . . . Recyclers Shooed . | . . . . . . . . . Parts Field Recycled . | . . . . . . . . . Retrieved Matter . | . . . . . . . . . Parts Self-Destructed . | . . . . . . . . . Prevented . | . . . . . . . . . Kills | -11 -10 -10 -9 -9 -9 -8 -8 -8 ------- Run | Yrd Mat Min Mat Min Exi Min Mat Gar Combat Hostiles Destroyed 26 | . . 6 . . . 3 . 17 Melee 1 | . . . . . . . . 1 Guns 25 | . . 6 . . . 3 . 16 Classes Destroyed 6 | . . 2 . . . . . 4 Swarmer 10 | . . 2 . . . . . 8 Grunt 9 | . . 4 . . . 3 . 2 Brawler 2 | . . . . . . . . 2 Sentry 2 | . . . . . . . . 2 Hunter 1 | . . . . . . . . 1 Programmer 2 | . . . . . . . . 2 Best Kill Streak 4 | . . 2 . . . 3 . 4 Combat Bots Only 4 | . . 2 . . . 3 . 4 Max Kills in Single Turn 1 | . . 1 . . . 1 . 1 Gunslinging . | . . . . . . . . . Exploded . | . . . . . . . . . Melee 1 | . . . . . . . . 1 Uniques/NPCs Destroyed . | . . . . . . . . . Combat | -11 -10 -10 -9 -9 -9 -8 -8 -8 -------- Run | Yrd Mat Min Mat Min Exi Min Mat Gar Hostile Shots Fired 240 | . . 42 21 5 . 11 . 161 Missed 79 | . . 13 12 4 . 6 . 44 Damage Taken 2175 | . . 344 116 12 . 84 . 1619 Core 657 | . . 39 22 . . 33 . 563 Absorbed by Shields . | . . . . . . . . . Core Remaining (%) 90 | 100 . 84 . . . 86 . . Volleys Fired 85 | . . 22 . . . 8 . 55 Largest 2 | . . 2 . . . 2 . 2 Hottest 120 | . . 40 . . . 50 . 120 Shots Fired 171 | . . 44 . . . 16 . 111 Gun 171 | . . 44 . . . 16 . 111 Cannon . | . . . . . . . . . Launcher . | . . . . . . . . . Special . | . . . . . . . . . Kinetic 154 | . . 44 . . . 16 . 94 Thermal . | . . . . . . . . . Explosive . | . . . . . . . . . Electromagnetic 17 | . . . . . . . . 17 Robot Hit Streak 11 | . . 11 . . . 8 . 9 Robot Miss Streak 5 | . . 4 . . . 1 . 5 Penetration Max . | . . . . . . . . . Secondary Targets 1 | . . 1 . . . . . . Max Gunslinging Chain 1 | . . 1 . . . . . . Shots Hit Robots 113 | . . 30 . . . 11 . 72 Core Hits 46 | . . 14 . . . 5 . 27 Critical Kills 2 | . . . . . . 1 . 1 Critical Parts Destroyed 4 | . . 1 . . . . . 3 Critical Strikes 6 | . . 1 . . . 1 . 4 Destroy 6 | . . 1 . . . 1 . 4 Melee Attacks 25 | . . . . . . . . 25 Impact 25 | . . . . . . . . 25 Slashing . | . . . . . . . . . Piercing . | . . . . . . . . . Sneak Attacks . | . . . . . . . . . Combat Hostiles . | . . . . . . . . . Follow-up Attacks . | . . . . . . . . . Damage Inflicted 1659 | . . 260 . . . 189 . 1210 Guns 1633 | . . 258 . . . 189 . 1186 Cannons . | . . . . . . . . . Explosions . | . . . . . . . . . Melee . | . . . . . . . . . Ramming 26 | . . 2 . . . . . 24 Kinetic 1573 | . . 258 . . . 189 . 1126 Thermal . | . . . . . . . . . Explosive . | . . . . . . . . . Electromagnetic 60 | . . . . . . . . 60 Impact . | . . . . . . . . . Slashing . | . . . . . . . . . Piercing . | . . . . . . . . . Highest Corruption 9 | . . . . . . . . 9 Average Corruption 3 | . . . . . . . . 3 Corruption Purged . | . . . . . . . . . Corruption Blocked . | . . . . . . . . . Effects 20 | . . . . . . . . 20 Message Errors 2 | . . . . . . . . 2 Matter Fused 6 | . . . . . . . . 6 Heat Flow Errors 5 | . . . . . . . . 5 Parts Fused 1 | . . . . . . . . 1 Data Loss (minor) 3 | . . . . . . . . 3 Data Loss (major) 2 | . . . . . . . . 2 Misfires 1 | . . . . . . . . 1 Overload Shots . | . . . . . . . . . Overflow Damage . | . . . . . . . . . Projectiles . | . . . . . . . . . Explosions . | . . . . . . . . . Melee . | . . . . . . . . . Knockbacks . | . . . . . . . . . Impact . | . . . . . . . . . Kinetic . | . . . . . . . . . Secondary . | . . . . . . . . . Self-Inflicted Damage 15 | . . . . . . . . 15 Shots . | . . . . . . . . . Rammed 8 | . . . . . . . . 8 Targets Rammed 10 | . . 1 . . . . . 9 Kicked 1 | . . 1 . . . . . . Crushed 1 | . . . . . . . . 1 Highest Temperature 240 | . . 30 12 . . 31 . 240 Average Temperature 50 | . . 12 3 . . 17 . 60 Received Heat Transfer 465 | . . 165 69 6 . 45 . 180 Siege Activations . | . . . . . . . . . Robots Corrupted . | . . . . . . . . . Combat Hostiles . | . . . . . . . . . Parts Fried . | . . . . . . . . . Impact Corruptions . | . . . . . . . . . Robots Melted . | . . . . . . . . . Combat Hostiles . | . . . . . . . . . Parts Melted . | . . . . . . . . . Heat Transferred . | . . . . . . . . . Parts Sabotaged . | . . . . . . . . . Parts Stolen . | . . . . . . . . . Parts Stripped . | . . . . . . . . . Power Chain Reactions . | . . . . . . . . . Alert | -11 -10 -10 -9 -9 -9 -8 -8 -8 ------- Run | Yrd Mat Min Mat Min Exi Min Mat Gar Peak Influence 655 | . 5 156 134 142 . 100 73 655 Initial 52 | . . 1 . 52 . . 39 47 Average 240 | . 1 75 53 83 . 38 49 397 Maximum Alert Level 2 | . . . . . . . . 2 Low Security (%) 63 | 100 100 100 100 100 . 100 100 31 Level 1 8 | . . . . . . . . 15 Level 2 28 | . . . . . . . . 52 Level 3 . | . . . . . . . . . Level 4 . | . . . . . . . . . Level 5 . | . . . . . . . . . High Security . | . . . . . . . . . Max Security . | . . . . . . . . . Squads Dispatched 1 | . . . 1 . . . . . Investigation 1 | . . . 1 . . . . . Extermination . | . . . . . . . . . Reinforcement . | . . . . . . . . . Assault . | . . . . . . . . . Garrison . | . . . . . . . . . Intercept . | . . . . . . . . . Searches Triggered . | . . . . . . . . . Construction Impeded . | . . . . . . . . . Haulers Reinforced . | . . . . . . . . . Active Scanning Responses . | . . . . . . . . . Cargo Convoy Interrupts . | . . . . . . . . . Stealth | -11 -10 -10 -9 -9 -9 -8 -8 -8 --------- Run | Yrd Mat Min Mat Min Exi Min Mat Gar Distress Signals 2 | . . 1 1 . . . . . Communications Jammed . | . . . . . . . . . Distress Signals . | . . . . . . . . . Times Spotted 54 | . 1 7 13 4 . 5 4 20 Peak Tracking Total 12 | . 1 3 12 5 . 3 4 4 Tactical Retreats 4 | . . . . 2 . 1 . 1 Traps | -11 -10 -10 -9 -9 -9 -8 -8 -8 ------- Run | Yrd Mat Min Mat Min Exi Min Mat Gar Traps Triggered 13 | . . . . . . . . 13 Indirectly . | . . . . . . . . . Trap Hack Attempts . | . . . . . . . . . Triggered . | . . . . . . . . . Disarmed . | . . . . . . . . . Reprogrammed . | . . . . . . . . . Reused . | . . . . . . . . . Traps Extracted . | . . . . . . . . . Installed . | . . . . . . . . . Triggered . | . . . . . . . . . Machines | -11 -10 -10 -9 -9 -9 -8 -8 -8 ---------- Run | Yrd Mat Min Mat Min Exi Min Mat Gar Machines Disabled 4 | . . . . . . . . 4 Max in Single Turn 1 | . . . . . . . . 1 Garrison Relay 5 | . . . . . . . . 5 Machines Repaired . | . . . . . . . . . Machines Dismantled . | . . . . . . . . . Machines Sabotaged . | . . . . . . . . . Overloaded Fab Kills . | . . . . . . . . . Hacking | -11 -10 -10 -9 -9 -9 -8 -8 -8 --------- Run | Yrd Mat Min Mat Min Exi Min Mat Gar Machines Accessed 8 | . 1 . 3 . . . 1 3 Terminals 6 | . 1 . 2 . . . . 3 Fabricators . | . . . . . . . . . Repair Stations . | . . . . . . . . . Recycling Units . | . . . . . . . . . Scanalyzers 1 | . . . 1 . . . . . Garrison Access 1 | . . . . . . . 1 . Total Hacks 22 | . 2 . 12 . . . 2 6 Successful 11 | . 1 . 7 . . . 1 2 Failed 11 | . 1 . 5 . . . 1 4 Catastrophic 3 | . . . 2 . . . . 1 Database Lockouts . | . . . . . . . . . Manual 6 | . 2 . 3 . 1 . . . Terminals 11 | . 2 . 3 . . . . 6 Fabricators . | . . . . . . . . . Repair Stations . | . . . . . . . . . Recycling Units . | . . . . . . . . . Scanalyzers 9 | . . . 9 . . . . . Garrison Access 2 | . . . . . . . 2 . Terminal Hacks 2 | . . . . . . . . 2 Emergency Access Points 1 | . . . . . . . . 1 Security Stations 1 | . . . . . . . . 1 Fabricator Hacks . | . . . . . . . . . Repair Station Hacks . | . . . . . . . . . Recycling Unit Hacks . | . . . . . . . . . Scanalyzer 6 | . . . 6 . . . . . Insert Component 3 | . . . 3 . . . . . Analyze 3 | . . . 3 . . . . . Garrison Access Hacks 1 | . . . . . . . 1 . Unlock Access 1 | . . . . . . . 1 . Unauthorized Hacks 2 | . 1 . 1 . . . . . Terminals 2 | . 1 . 1 . . . . . Botnet 2 | . 1 . 1 . . . . . Fabricators . | . . . . . . . . . Repair Stations . | . . . . . . . . . Recycling Units . | . . . . . . . . . Scanalyzers . | . . . . . . . . . Garrison Access . | . . . . . . . . . Data Cores Recovered . | . . . . . . . . . Used . | . . . . . . . . . Hacking Detections 4 | . . . 2 . . . . 2 Full Trace Events 1 | . . . 1 . . . . . Feedback Events . | . . . . . . . . . Feedback Blocked . | . . . . . . . . . Robot Schematics Acquired . | . . . . . . . . . Robots Built . | . . . . . . . . . Authchips . | . . . . . . . . . Time . | . . . . . . . . . Total Robot Build Rating . | . . . . . . . . . Part Schematics Acquired 3 | . . . 3 . . . . . Parts Built . | . . . . . . . . . Authchips . | . . . . . . . . . Time . | . . . . . . . . . Total Part Build Rating . | . . . . . . . . . Parts Repaired . | . . . . . . . . . Time . | . . . . . . . . . Parts Recycled . | . . . . . . . . . Recycled Matter . | . . . . . . . . . Retrieved Matter . | . . . . . . . . . Retrieved Components . | . . . . . . . . . Parts Scanalyzed 3 | . . . 3 . . . . . Part Schematics Acquired 3 | . . . 3 . . . . . Parts Damaged 1 | . . . 1 . . . . . Bothacking | -11 -10 -10 -9 -9 -9 -8 -8 -8 ------------ Run | Yrd Mat Min Mat Min Exi Min Mat Gar Used RIF Installer 1 | . . . . . . . . 1 Robots Hacked . | . . . . . . . . . Non-combat . | . . . . . . . . . Combat . | . . . . . . . . . Robot Hacks Applied . | . . . . . . . . . Relay Couplers Released 23 | . . . . . . . . 23 Machine Destruction 20 | . . . . . . . . 20 Programmers 3 | . . . . . . . . 3 Fabnet Peak Effective % . | . . . . . . . . . Robots Rewired . | . . . . . . . . . Allies Hacked . | . . . . . . . . . Hacks Repelled . | . . . . . . . . . Allies | -11 -10 -10 -9 -9 -9 -8 -8 -8 -------- Run | Yrd Mat Min Mat Min Exi Min Mat Gar Total Allies . | . . . . . . . . . Largest Group . | . . . . . . . . . Highest-Rated Group . | . . . . . . . . . Highest-Rated Ally . | . . . . . . . . . Total Orders . | . . . . . . . . . Ally Attacks . | . . . . . . . . . Total Damage . | . . . . . . . . . Kills . | . . . . . . . . . Allies Corrupted . | . . . . . . . . . Allies Melted . | . . . . . . . . . Intel | -11 -10 -10 -9 -9 -9 -8 -8 -8 ------- Run | Yrd Mat Min Mat Min Exi Min Mat Gar Robot Analysis Total . | . . . . . . . . . Derelict Logs Recovered 3 | . . 1 . 2 . . . . Drone Launches . | . . . . . . . . . Drone Recoveries . | . . . . . . . . . Exploration | -11 -10 -10 -9 -9 -9 -8 -8 -8 ------------- Run | Yrd Mat Min Mat Min Exi Min Mat Gar Turns Passed 2236 | 57 103 451 117 97 66 121 52 1172 Spaces Moved 2892 | 44 86 310 291 311 207 277 150 1216 Core 51 | 5 . . . . . . . 46 Treads 57 | . . . . . . . . 57 Legs 435 | 39 86 310 . . . . . . Wheels . | . . . . . . . . . Hover . | . . . . . . . . . Flight 2349 | . . . 291 311 207 277 150 1113 Fastest Speed 28 | 50 120 120 31 31 31 31 31 28 Average Speed 50 | 112 120 120 31 31 31 32 31 45 Slowest Speed 160 | 120 120 120 31 31 31 34 34 160 Overloaded Moves . | . . . . . . . . . Propulsion Burnouts . | . . . . . . . . . Robots Hopped 23 | . . . 14 2 . 2 4 1 Cave-ins Triggered . | . . . . . . . . . Exploration Rate (%) 48 | 4 22 74 35 65 65 67 12 88 Regions Visited 8 Branch Regions 4 Pre-discovered Areas . | . . . . . . . . . Known Exits Taken 1 | . . . . . . . 1 . Unknown Exits Taken 7 | 1 1 1 1 1 1 1 . . Scrap Searched 1 | . . . . 1 . . . . Spaces Dug 2 | . . . . . . . . 2 Terrain Destroyed 2 | . . . . . . . . 2 Melee 2 | . . . . . . . . 2 Projectile . | . . . . . . . . . AOE . | . . . . . . . . . Terrain Rammed 1 | . . . . . . . . 1 Walls Destroyed . | . . . . . . . . . Machines Disabled . | . . . . . . . . . Actions | -11 -10 -10 -9 -9 -9 -8 -8 -8 --------- Run | Yrd Mat Min Mat Min Exi Min Mat Gar Total 3428 | 49 86 353 304 308 208 292 150 1678 Wait 162 | . . 15 . . . 10 . 137 Move 2839 | 43 85 309 263 306 206 272 141 1214 Hop 22 | . . . 13 2 . 2 4 1 Pick Up 28 | 1 1 4 7 . . . 2 13 Fast Attach 25 | 5 . 1 6 . 1 . . 12 Attach 11 | . . . 4 . . . 1 6 Detach . | . . . . . . . . . Swap 15 | . . . 1 . . . 1 13 Drop 30 | . . 1 10 . 1 . 1 17 Fire 85 | . . 22 . . . 8 . 55 Melee 25 | . . . . . . . . 25 Ram 1 | . . . . . . . . 1 Kick 1 | . . 1 . . . . . . Crush 9 | . . . . . . . . 9 Escape Stasis 175 | . . . . . . . . 175 Rewire . | . . . . . . . . . Trap . | . . . . . . . . . Miscellaneous . | . . . . . . . . . Route ------- -11/Scrapyard -10/Materials -10/Mines -9/Materials (discovered 3 exits: *Mat / [*Min] / [*Sto]) -9/Mines (discovered 2 exits: *Exi / [*Zio]) -9/Exiles (discovered 2 exits: [*Min x2]) -8/Mines -8/Materials -8/Garrison (discovered 3 exits: [*Mat x3]) History --------- Turn | Location | Event 3 | -11/Scrapyard | Discovered new exit (range 15) 58 | -11/Scrapyard | Entered Materials 148 | -10/Materials | Discovered new exit (range 7) 161 | -10/Materials | Entered Mines 306 | -10/Mines | Build established: Mutant 577 | -10/Mines | Learned Materials security intel 594 | -10/Mines | Discovered new exit (range 15) 612 | -10/Mines | Entered Materials 612 | -9/Materials | Evolved 2 slots: Propulsion x2 648 | -9/Materials | Discovered new exit (range 16) 688 | -9/Materials | Discovered new exit (range 9) 697 | -9/Materials | Discovered new exit (range 17) 729 | -9/Materials | Entered Mines 753 | -9/Mines | Met a Derelict bent on vengeance 758 | -9/Mines | A Derelict revealed a hidden shortcut to a safe place 765 | -9/Mines | Learned Materials stockpile data 777 | -9/Mines | Learned Materials trap positions 824 | -9/Mines | Deemed a non-threat by the Exiles lab entrance 824 | -9/Mines | Discovered new exit (range 5) 826 | -9/Mines | Entered Exiles 831 | -9/Exiles | Discovered new exit (range 19) 833 | -9/Exiles | Met 8R-AWN 839 | -9/Exiles | Met EX-HEX 848 | -9/Exiles | Met EX-BIN 852 | -9/Exiles | Aligned with FarCom system 852 | -9/Exiles | Given EX-Vault access code 859 | -9/Exiles | Opened EX-Vault 861 | -9/Exiles | Found Prototype Device 861 | -9/Exiles | Identified Chronowheel 861 | -9/Exiles | Activated Chronowheel 869 | -9/Exiles | Warned to stay clear of 0b10 Research branches 877 | -9/Exiles | Met EX-DEC 890 | -9/Exiles | Discovered new exit (range 10) 892 | -9/Exiles | Entered Mines 921 | -8/Mines | Build established: Scavenger-Sprinter 1008 | -8/Mines | Discovered new exit (range 16) 1013 | -8/Mines | Entered Materials 1013 | -8/Materials | Evolved 2 slots: Propulsion x1, Utility x1 1014 | -8/Materials | Loaded intel: 17 trap records 1031 | -8/Materials | Identified exit to Garrison 1065 | -8/Materials | Entered Garrison 1120 | -8/Garrison | Triggered checkpoint 1138 | -8/Garrison | Garrison Relay disabled 1192 | -8/Garrison | Triggered checkpoint 1347 | -8/Garrison | Build established: Sprinter 1463 | -8/Garrison | Lost 3 parts (3n) 1481 | -8/Garrison | Discovered new exit (range 16) 1484 | -8/Garrison | Triggered checkpoint 1502 | -8/Garrison | Garrison Relay disabled 1640 | -8/Garrison | Learned Materials security intel 1649 | -8/Garrison | Discovered new exit (range 12) 1662 | -8/Garrison | Garrison Relay disabled 1670 | -8/Garrison | Triggered checkpoint 1694 | -8/Garrison | Triggered checkpoint 1723 | -8/Garrison | Discovered new exit (range 12) 1738 | -8/Garrison | Garrison Relay disabled 1740 | -8/Garrison | Triggered checkpoint 1786 | -8/Garrison | Garrison Relay disabled 1829 | -8/Garrison | Core integrity fell below 50% 1833 | -8/Garrison | Installed Relay Interface Framework 2223 | -8/Garrison | Core integrity fell below 20% 2237 | -8/Garrison | Destroyed by P-60 Hacker with Shock Rifle Last Messages --------------- 02193_ Acquired Hpw. Shock Rifle. 02196_ Acquired Lgt. Treads. 02198_ Adv. Visual Processing Unit destroyed. 02199_ Acquired Hpw. Shock Rifle. 02215_ System corrupted: Heat flow error (+158). 02215_ Weight Redist. System destroyed. 02216_ Slammed into P-60 Hacker. 02217_ P-60 Hacker resets P-60 Hacker, system corruption cleaned. 02222_ Slammed into P-60 Hacker. 02225_ Hpw. Shock Rifle destroyed. 02226_ Dropped Relay Coupler [Grunt]. 02226_ Acquired Relay Coupler [Grunt]. 02226_ Slammed into P-60 Hacker. 02228_ Crushed P-60 Hacker. 02228_ P-60 Hacker destroyed. 02229_ Acquired 44 matter. 02229_ Slammed into P-60 Hacker. 02234_ System corrupted: Matter fused (-10). 02234_ Slammed into P-60 Hacker. Map ----- +----------------------------------------------------+ | | | | | | | | | | | | | | | | | | | | | | | | | | | | | | | | | | | | | | | ???????????????????????????????????????????????? | | ???????????????????????????????????????????????? | | ?????????????????????###?#?????????????????????? | | ?????????????????????#! + +????????????????????? | | ?????????????????????# # #????????????????????? | | ?????????????????????##;#=#+##?????????????????? | | ?????????????????????# /@p #?????????????????? | | ?????????????????????#! # #! #?????????????????? | | ???????????#######???####!#??#?????????????????? | | ???????????# ########p#????????????????????? | | ???????????# < + #????????????????????? | | ???????????# ######## #????????????????????? | | ???????????# ###??????# #????????????????????? | | ???????????# #???????## #######??????????????? | | ???????????# #???????#* +??????????????? | | ???????????# #???????#! #??????????????? | | ???######??# #???????# #??????????????? | | ???# #??# #???????# " ####???????????? | | ???# ##??# #???????# """ """"#???????????? | | ???# ###??# #???????# " "###???????????? | | ???# #??# #???????# "#?????????????? | | ???# #??# #???????# " "#?????????????? | | ???## #??# #???????# """""#?????????????? | | ????## ##??# #######?## ########?????????????? | | ?????#[##### ! #??# #????????????????????? | | ?????# " [ #??# #????????????????????? | | ?????# ##### #### ^#??# #????????????????????? | | ?????# #???# #??# #### #????????????????????? | | ?????# #???# #??# ## #????????????????????? | | ?????# #???# #??# + #????????????????????? | | ?????# #???# #??# ####????????????????????? | +----------------------------------------------------+ Best States ------------- Heat Dissipation 31 Energy Generation 15 Energy Capacity 265 Matter Stores 300 Matter Capacity 300 Sight Range 20 Terrain Scan Density 10 Evasion (%) 64 Recoil Reduction 1 Item Schematics ----------------- Lgt. Nuclear Core | -9/Materials | Scanalyzed Hpw. Shotgun | -9/Materials | Scanalyzed Minigun | -9/Materials | Scanalyzed Robot Schematics ------------------ None Fabricated ------------ Nothing Alien Tech Used ----------------- None Achievements -------------- None Challenges ------------ None Game ------ Seed IonicMobileSink Manual? 0 Play Time 00:32:56 Cumulative 27.8 hours Start 2024.04.08 @ 16:05:49 End 2024.04.08 @ 16:41:14 Sessions 1 Manual Loads 0 Difficulty Rogue Special Mode None Game No. 37 Rogue 37 Adventurer 0 Explorer 0 Win Type - Total 0 Types 0/0/0/0/0/0/0/0/0 Lore% 13 Gallery% 30 Achievement% 24 Wizard Run 0 Options --------- Layout 1 ASCII 0 Keyboard 0 Movement Numpad Keybinds 0 Fullscreen 1 Font 24/Crisp Map View 50x35 Zoom Use 0% Tactical HUD 1 Map Filters NONE Filters NONE Steam 1 RUN: 8f4309e6-051c-4f7d-b956-2d082e1e64fe